 Dungeon Crawl Stone Soup version 0.28-a0-474-g535839065c (webtiles) character file.

Game seed: 4654985676625127779

345 Tauromancer the Poker (level 6, -6/48 HPs)
             Began as a Merfolk Gladiator on Sept 15, 2021.
             Mangled by Dittersdorf's ghost (11 damage)
             ... on level 3 of the Dungeon.
             The game lasted 00:38:59 (4044 turns).

Tauromancer the Poker (Merfolk Gladiator)           Turns: 4044, Time: 00:38:59

Health: -6/48      AC:  4    Str: 13    XL:     6   Next: 58%
Magic:  6/6        EV: 14    Int:  7    God:
Gold:   128        SH:  0    Dex: 17    Spells: 5/5 levels left

rFire   . . .      SeeInvis .   b - +0 halberd
rCold   . . .      Faith    .   (shield currently unavailable)
rNeg    . . .      Spirit   .   g - +0 leather armour
rPois   .          Reflect  .   (helmet restricted)
rElec   .          Harm     .   (no cloak)
rCorr   .          Rampage  .   m - +0 pair of gloves
Will    .....                   (no boots)
Stlth   ++........              (no amulet)
HPRegen 0.16/turn               (no ring)
MPRegen 0.10/turn               (no ring)

@: mighty, brilliant
A: (nimble swimmer 2), mertail, horns 1, mutation resistance 1, weak 1,
MP-powered wands
a: no special abilities


You were on level 3 of the Dungeon.
You visited 1 branch of the dungeon, and saw 3 of its levels.

You collected 128 gold pieces.

Inventory:

Hand Weapons
 a - a +0 trident
 b - a +0 halberd (weapon)
Missiles
 d - a throwing net (quivered)
 e - 7 javelins
Armour
 g - a +0 leather armour (worn)
 h - a +0 helmet
 m - a +0 pair of gloves (worn)
Wands
 n - a wand of acid (1)
Scrolls
 c - a scroll of teleportation
 k - a scroll of magic mapping {unknown}
Potions
 f - a potion of brilliance
 l - a potion of flight {unknown}
 o - a potion of curing {unknown}


   Skills:
 + Level 3.6 Fighting
 + Level 6.9 Polearms
 + Level 2.9 Throwing
 + Level 5.3 Dodging
 + Level 3.1 Stealth
 - Level 0.1 Evocations


You had 5 spell levels left.
You didn't know any spells.
Your spell library contained the following spells:

 Spells                   Type           Power      Damage    Failure   Level
 Ensorcelled Hibernation  Hex/Ice        0%         N/A       65%         2
 Tukima's Dance           Hex            0%         N/A       87%         3


Dungeon Overview and Level Annotations

Branches:
Dungeon (3/15)

Altars:
Fedhas

Annotations:
D:3 Dittersdorf's ghost, amateur GrFi


Innate Abilities, Weirdness & Mutations

((You are quick and stealthy near water. (Stealth+, EV+, Speed+++)))
Your lower body shifts to a powerful aquatic tail in water.
You have a pair of small horns on your head.
You are somewhat resistant to further mutation.
You are weak. (Str -2)
You expend magic power (3 MP) to strengthen your wands.


Message History

Dittersdorf's ghost says, "You cannot hurt me!"
Dittersdorf's ghost hits you!
You barely miss Dittersdorf's ghost. Dittersdorf's ghost hits you.
You hit Dittersdorf's ghost.
Dittersdorf's ghost is lightly damaged.
Dittersdorf's ghost misses you.
You hit Dittersdorf's ghost.
Dittersdorf's ghost is lightly damaged.
Dittersdorf's ghost hits you!
You hit Dittersdorf's ghost but do no damage.
Dittersdorf's ghost is lightly damaged.
Dittersdorf's ghost hits you!
You barely miss Dittersdorf's ghost.
Dittersdorf's ghost is lightly damaged.
Dittersdorf's ghost hits you!
* * * LOW HITPOINT WARNING * * *
Dittersdorf's ghost hits you!
* * * LOW HITPOINT WARNING * * *
Throw: 2 throwing nets
Press: ? - help, Q - select action, (/) - cycle Shift-Dir - straight line, f/p - Dittersdorf's ghost
Aim: Dittersdorf's ghost (lightly damaged, 65% to hit, immune to nets)
You throw a throwing net.
The throwing net hits Dittersdorf's ghost.
The net passes right through Dittersdorf's ghost!
Dittersdorf's ghost is lightly damaged.
Dittersdorf's ghost barely misses you.
It was a potion of brilliance.
You feel clever all of a sudden.
Dittersdorf's ghost hits you but does no damage.
It was a potion of mutation.
You feel extremely strange. A pair of horns grows on your head!
Your +0 helmet falls away!
You feel weaker.
You feel your magical essence link to the dungeon's wands.
You feel genetically stable. Dittersdorf's ghost closely misses you.
It was a potion of might.
You feel very mighty all of a sudden. Dittersdorf's ghost hits you!
You die...

#..#.......#≈≈≈#.#...........
#.##.......#≈≈≈#.............
#####.##.......#≈$≈#.#.#.....)...
....#.#####..#.#≈≈≈#.............
....#.# #.##.#≈≈≈#...###<#.....
....#.#####.####≈≈≈###.# #.#.....
....#..........#≈≈(# #.# #.#.....
....#..........##W## #.# #...##.#
....#......)....@..###.####..##..
....[.........................###
.................).......#....###
.....#..........[........#..#...#
.....#................####..###..
####...#.#######............####.
#................#)#.......###
##...##.....<##...#..........##
##....##......##.#.)...........#


You could see Dittersdorf's ghost.

Vanquished Creatures
  An ogre (D:3)
  An orc priest (D:3)
  A hound (D:3)
  Natasha (twice) (D:2)
  An orc wizard (D:3)
  Robin (D:2)
  3 gnolls (D:3)
  An adder (D:3)
  3 worms
  2 dart slugs (D:1)
  5 orcs (D:3)
  3 ball pythons
  2 endoplasms (D:2)
  A giant cockroach (D:1)
  16 goblins
  7 hobgoblins
  2 jackals (D:1)
  5 bats
  A frilled lizard (D:3)
  5 kobolds
  4 rats
67 creatures vanquished.

Notes
Turn   | Place    | Note
-------+----------+-------------------------------------------
     0 | D:1      | Tauromancer the Merfolk Gladiator began the quest for the
                  | Orb.
     0 | D:1      | Reached XP level 1. HP: 16/16 MP: 1/1
   299 | D:1      | Reached skill level 1 in Stealth
   368 | D:1      | Reached XP level 2. HP: 22/22 MP: 2/2
   982 | D:1      | Reached skill level 5 in Polearms
  1225 | D:2      | Found a blossoming altar of Fedhas.
  1258 | D:2      | Noticed Natasha
  1292 | D:2      | Reached XP level 3. HP: 28/28 MP: 3/3
  1378 | D:2      | Found a faded altar of an unknown god.
  1768 | D:2      | Noticed Robin
  1772 | D:2      | Killed Robin
  1774 | D:2      | Reached XP level 4. HP: 31/34 MP: 4/4
  2052 | D:2      | Killed Natasha
  2053 | D:2      | Reached skill level 6 in Polearms
  2272 | D:2      | Noticed Natasha
  2516 | D:2      | Killed Natasha
  2996 | D:3      | Reached XP level 5. HP: 40/40 MP: 5/5
  3392 | D:3      | Found a runed translucent door.
  3402 | D:3      | Noticed Dittersdorf's ghost (amateur GrFi)
  3433 | D:3      | Reached skill level 5 in Dodging
  3435 | D:3      | Reached XP level 6. HP: 22/47 MP: 6/6
  3633 | D:3      | Found a runed translucent door.
  4043 | D:3      | Gained mutation: You have a pair of small horns on your
                  | head. [potion of mutation]
  4043 | D:3      | Gained mutation: You are weak. (Str -2) [potion of
                  | mutation]
  4043 | D:3      | Gained mutation: You expend magic power (3 MP) to
                  | strengthen your wands. [potion of mutation]
  4043 | D:3      | Gained mutation: You are somewhat resistant to further
                  | mutation. [potion of mutation]
  4044 | D:3      | Mangled by Dittersdorf's ghost

Illustrated notes

Levels and vault maps discovered:
D:1:      dpeg_arrival_tiny_d, layout_basic
D:2:      layout_loops_corners, basic_altar,
          shapermc_ecumenical_altar_starsandcircs, uniq_robin, uniq_natasha
D:3:      layout_rooms, ebering_ghost_sewer_f

Skill      XL: |  1  2  3  4  5  6 |
---------------+-------------------+-----
Stealth        | 1 2 3 |  3.1
Polearms       | 5 6 |  6.9
Fighting       | 3 |  3.6
Dodging        | 5 |  5.3
Throwing       | |  2.9
Evocations     | |  0.1

Action                   |  1- 3 |  4- 6 || total
-------------------------+-------+-------++-------
Melee: Trident           |    82 |    97 ||   179
       Unarmed           |       |     5 ||     5
       Halberd           |       |    60 ||    60
Throw: Throwing net      |       |     2 ||     2
Evoke: Wand              |     4 |     2 ||     6
  Use: Scroll            |       |     5 ||     5
       Potion            |       |     5 ||     5
 Stab: Sleeping          |     4 |     3 ||     7
       Distracted        |       |     1 ||     1
Armor: Leather armour    |    10 |    41 ||    51
       Skin              |       |     5 ||     5
Dodge: Dodged            |    31 |   109 ||   140

Table legend: (Time is in decaauts)
 A = Elapsed time spent in this place.
 B = Non-inter-level travel time spent in this place.
 C = Inter-level travel time spent in this place.
 D = Time resting spent in this place.
 E = Time spent auto-exploring this place.
 F = Levels seen in this place.
 G = Mean time per level.
                   A        B        C        D        E       F      G
               +--------+--------+--------+--------+--------+-----+--------+
         Total |   4043 |   3758 |    285 |   1111 |   1829 |   3 | 1347.7 |
       Dungeon |   4043 |   3758 |    285 |   1111 |   1829 |   3 | 1347.7 |
               +--------+--------+--------+--------+--------+-----+--------+

Top non-repeatable levels by time:
     D:2: 1754 daAuts
     D:1: 1229 daAuts
     D:3: 1059 daAuts
